 Dungeon Crawl Stone Soup version 0.32-a0-12-g7fc57aa741 (webtiles) character file.

Game seed: 736486187421096031

6206 Hopman the Fighter (level 10, -1/94 HPs)
             Began as a Minotaur Fighter on Jan 14, 2024.
             Was a High Priest of Okawaru.
             Succumbed to a hornet's poison
             ... while paralysed by a hornet
             ... on level 10 of the Dungeon.
             The game lasted 00:40:00 (8479 turns).

Hopman the Fighter (Minotaur Fighter)               Turns: 8479, Time: 00:40:01

Health: -1/94      AC: 17    Str: 24    XL:     10   Next: 61%
Magic:  12/12      EV:  2    Int:  5    God:    Okawaru [*****.]
Gold:   606        SH:  0    Dex: 11    Spells: 9/9 levels left

rFire   . . .        B - +5 war axe
rCold   + . .        c - +0 buckler
rNeg    . . .        e - +1 plate armour
rPois   .            (helmet restricted)
rElec   .            u - +0 cloak
rCorr   .            (no gloves)
SInv    .            o - +0 pair of boots
Will    +....        v - amulet of regeneration Stlth
                     f - ring of protection from cold
HPRegen 1.15/turn    y - ring of willpower
MPRegen 0.13/turn

%: no passive effects
@: paralysed, lethally poisoned (-1 -> -8), slowed, studying Shields
A: horns 2, retaliatory headbutt
a: Renounce Religion, Heroism, Finesse, Duel


You were on level 10 of the Dungeon.
You worshipped Okawaru.
Okawaru was extremely pleased with you.
You visited 2 branches of the dungeon, and saw 11 of its levels.
You also visited: Sewer.

You collected 606 gold pieces.

Inventory:

Hand Weapons
 a - a +1 war axe
 B - a +5 war axe (weapon)
 C - a +2 morningstar of holy wrath
Missiles
 h - a throwing net (quivered)
Armour
 c - a +0 buckler (worn)
 e - a +1 plate armour (worn)
 o - a +0 pair of boots (worn)
 u - a +0 cloak (worn)
Jewellery
 f - a ring of protection from cold (left hand)
 i - a ring of ice
 v - an amulet of regeneration (around neck)
 y - a ring of willpower (right hand)
 A - a ring of magical power
 G - a +5 ring of evasion
Talismans
 l - a storm talisman
Wands
 j - a wand of iceblast (11)
 n - a wand of polymorph (6)
 z - a wand of flame (15)
Scrolls
 d - 4 scrolls of enchant weapon
 k - a scroll of enchant armour
 p - a scroll of fear {unknown}
 w - a scroll of fog
 x - 4 scrolls of identify
 D - a scroll of teleportation {unknown}
Potions
 b - a potion of ambrosia
 g - 4 potions of magic
 m - 2 potions of curing
 q - a potion of brilliance
 r - 3 potions of haste
 s - 4 potions of resistance
 t - 3 potions of enlightenment
 E - 2 potions of mutation


   Skills:
 * Level 10.5 Fighting
 * Level 10.0 Axes
 + Level 8.1 Armour
 + Level 9.9 Shields
 + Level 4.8 Invocations
 + Level 4.0 Shapeshifting


You had 9 spell levels left.
You didn't know any spells.
Your spell library contained the following spells:

 Spells                   Type           Power      Damage    Failure   Level
 Shock                    Conj/Air       0%         1d3       100%        1
 Swiftness                Air            0%         N/A       100%        3
 Airstrike                Air            0%         2d(0-16)  100%        4
 Manifold Assault         Tloc           0%         N/A       100%        4
 Dispersal                Tloc           0%         N/A       100%        6
 Disjunction              Tloc           0%         N/A       100%        8


Dungeon Overview and Level Annotations

Branches:
Dungeon (10/15)            Temple (1/1) D:4            Lair (0/5) D:9
  Sewer (visited)
    Orc: D:9-12

Altars:
Ashenzari
Cheibriados
Elyvilon
Fedhas
Gozag
Hepliaklqana
Kikubaaqudgha
Makhleb
Nemelex Xobeh
Okawaru
Qazlal
Ru
Sif Muna
Trog
Uskayaw
Vehumet
Wu Jian
Xom
Yredelemnul
Zin
The Shining One

Shops:
D:2 =

Portals:
Trove: D:10 (show abyssal rune of Zot)


Innate Abilities, Weirdness & Mutations

You have a pair of horns on your head.
You reflexively headbutt those who attack you in melee.


Message History

Okawaru accepts your kill.
You slash the hornet!
You feel sick. Something hits you but does no damage.
The hornet barely misses you. You furiously retaliate!
You headbutt the hornet.
Your base Axes skill increases to level 10!
You feel better. You block the hornet's attack.
Something hits you but does no damage. The hornet stings you!
You feel as though you will be slow longer.
The hornet stings you.
You feel as though you will be slow longer.
You are no longer corroded.
Something hits you but does no damage. x2
As you read the scroll of fog, it dissolves into smoke.
Something hits you but does no damage. You block the hornet's attack.
Something hits you but does no damage.
The hornet stings you but does no damage.
You feel like a meek peon again. You block something's attack.
The hornet attacks as it pursues you! The hornet barely misses you.
You furiously retaliate!
You headbutt the hornet! The hornet completely misses you.
The hornet attacks as it pursues you! The hornet stings you!
You are poisoned.
You feel as though you will be slow longer.
Something hits you but does no damage. The hornet stings you.
You are more poisoned.
You suddenly lose the ability to move!
The troll attacks as it pursues you! The troll bites you. The troll claws you!
* * * LOW HITPOINT WARNING * * *
The troll claws you but does no damage.
The hornet stings you but does no damage.
You feel very sick. Something hits you.
* * * LOW HITPOINT WARNING * * *
The troll bites you but does no damage. The troll claws you!
* * * LOW HITPOINT WARNING * * *
The troll claws you.
* * * LOW HITPOINT WARNING * * *
The hornet stings you.
* * * LOW HITPOINT WARNING * * *
You feel as though you will be slow longer.
You die...

#.# .......# #(# .... .#
......)# #.# ### #T.# ..#
.......# #.# #.# #..##..
.......# #.######§# #..#..
.......# #......§§# #...#
.......# #.....§T§####..#
.......####.....@y§§§.†..#
......>.....#####§§#§.'..#
......#####.#
#§§####......# ..)..)# #.#
#..# #......# ......# #.#
#... ######## ......# #.#
#.... ......# #.# #.....
......# #.# #......
......# #.# #.......


You could see a troll and a hornet.

Vanquished Creatures
  A hornet (D:9)
  A shadow (D:10)
  A wraith (D:10)
  8 yaks
  3 steam dragons
  A water moccasin (D:6)
  An acid dragon (D:10)
  2 orc warriors
  2 ice beasts
  A black bear (D:6)
  A sky beast (D:7)
  5 centaurs
  3 kobold brigands
  2 bullfrogs
  A scorpion (D:5)
  16 wights
  12 killer bees
  3 bombardier beetles
  2 hounds (D:5)
  2 gnoll boudas
  Crazy Yiuf (D:7)
  7 orc priests
  6 iguanas
  8 orc wizards
  9 gnolls
  6 adders
  10 river rats
  A shadow imp (D:6)
  A white imp (D:6)
  2 ufetubi (D:7)
  7 dart slugs
  10 ribbon worms
  23 orcs
  13 ball pythons
  5 endoplasms
  6 giant cockroaches
  8 goblins
  13 hobgoblins
  7 jackals
  6 quokkas
  11 bats
  7 frilled lizards
  20 kobolds
  6 rats
261 creatures vanquished.

Vanquished Creatures (others)
  A human (D:3)
1 creature vanquished.

Grand Total: 262 creatures vanquished

Notes
Turn   | Place    | Note
-------+----------+-------------------------------------------
     0 | D:1      | Hopman the Minotaur Fighter began the quest for the Orb.
     0 | D:1      | Reached XP level 1. HP: 19/19 MP: 0/0
    98 | D:1      | Found a faded altar of an unknown god.
   118 | D:1      | Reached XP level 2. HP: 27/27 MP: 1/1
   347 | D:1      | Reached XP level 3. HP: 33/33 MP: 2/2
   726 | D:2      | Found Guadabux's Jewellery Boutique.
  1233 | D:3      | Reached XP level 4. HP: 39/41 MP: 3/3
  1281 | D:3      | Found a glowing drain.
  1303 | Sewer    | Entered a sewer
  1344 | Sewer    | Reached XP level 5. HP: 47/47 MP: 4/4
  1640 | Sewer    | Reached skill level 5 in Fighting
  2545 | D:3      | Found an ancient bone altar of Kikubaaqudgha.
  2546 | D:3      | Noticed a human
  2549 | D:3      | Killed a human
  2915 | D:4      | Found a staircase to the Ecumenical Temple.
  2947 | Temple   | Entered the Ecumenical Temple
  3000 | Temple   | Became a worshipper of Warmaster Okawaru
  3336 | D:4      | Reached XP level 6. HP: 56/56 MP: 5/5
  3407 | D:4      | Reached skill level 1 in Shapeshifting
  3607 | D:4      | Found a white marble altar of Elyvilon.
  3607 | D:4      | Found a shimmering altar of Xom.
  3705 | D:5      | Entered Level 5 of the Dungeon
  3745 | D:5      | Reached skill level 5 in Armour
  3745 | D:5      | Reached skill level 5 in Shields
  3960 | D:5      | Reached skill level 5 in Axes
  4018 | D:5      | Reached XP level 7. HP: 62/62 MP: 6/6
  4046 | D:5      | Reached skill level 1 in Invocations
  4048 | D:5      | Reached * piety under Okawaru
  4422 | D:6      | Identified a scroll of acquirement
  4422 | D:6      | Acquired a manual of Shields
  4445 | D:6      | Reached XP level 8. HP: 70/71 MP: 8/8
  4473 | D:6      | Reached ** piety under Okawaru
  5558 | D:7      | Reached XP level 9. HP: 81/81 MP: 10/10
  5622 | D:7      | Reached *** piety under Okawaru
  6165 | D:7      | Found a runed translucent door.
  6166 | D:7      | Noticed Crazy Yiuf
  6177 | D:7      | Killed Crazy Yiuf
  6252 | D:8      | Found a glowing golden altar of the Shining One.
  7217 | D:9      | Reached **** piety under Okawaru
  7323 | D:9      | Found a staircase to the Lair.
  7338 | D:9      | Paralysed by a hornet for 2 turns
  7350 | D:9      | Reached XP level 10. HP: 53/91 MP: 12/12
  7756 | D:9      | Found a sparkling altar of Nemelex Xobeh.
  8067 | D:10     | Entered Level 10 of the Dungeon
  8075 | D:10     | Reached skill level 10 in Fighting
  8097 | D:10     | Found a portal to a secret trove of treasure.
  8381 | D:10     | Reached ***** piety under Okawaru
  8473 | D:10     | Reached skill level 10 in Axes
  8477 | D:10     | Paralysed by a hornet for 3 turns
  8478 | D:10     | HP: 4/94 [troll (4)]
  8478 | D:10     | HP: 1/94 [hornet (3)]
  8479 | D:10     | Succumbed to a hornet's poison

Illustrated notes

Levels and vault maps discovered:
D:1:      co_arrival_two_rings, layout_loops_ring,
          hellmonk_ecumenical_altar_run_dry, minmay_tetromino_l2
D:2:      layout_basic, serial_shops, shop
D:3:      layout_loops_corners, tgw_kikubaaqudgha, lightli_sewer_entry_pipes
D:4:      layout_loops_corners, gammafunk_temple_overflow_wave,
          minmay_temple_entry_tees
D:5:      layout_gridville, nicolae_wormholes
D:6:      layout_basic
D:7:      layout_basic, grunt_decor_one_mirror, uniq_crazy_yiuf_cottage
D:8:      layout_loops_corners, nicolae_tso_carved_into_rock
D:9:      layout_layer_cave, mainiacjoe_overflow_cross_hatched, lair_entry_dummy
D:10:     layout_long_grid, mainiacjoe_overflow_tiny_flanked, enter_trove_2,
          hangedman_corner_corridor
Temple:   lightli_temple_of_artemis

Skill      XL: |  1  2  3  4  5  6  7  8  9 10 |
---------------+-------------------------------+-----
Armour         | 4 5 6 7 8 |  8.1
Shields        | 4 5 7 8 9 |  9.9
Fighting       | 4 5 6 8 9 10 | 10.5
Axes           | 3 4 5 6 7 9 10 | 10.0
Shapeshifting  | 1 2 3 4 |  4.0
Invocations    | 1 2 4 |  4.8

Action                     |  1- 3 |  4- 6 |  7- 9 | 10-12 || total
---------------------------+-------+-------+-------+-------++-------
  Melee: War axe           |   118 |   190 |   280 |   111 ||   699
         Headbutt          |    14 |    20 |    45 |    26 ||   105
 Invoke: Heroism           |       |       |     1 |     2 ||     3
    Use: Scroll            |     4 |     2 |    12 |     1 ||    19
         Potion            |       |     1 |     7 |     2 ||    10
 Armour: Plate armour      |   130 |   177 |   377 |   138 ||   822
         Scale mail        |     3 |       |       |       ||     3
  Dodge: Dodged            |    37 |    60 |   114 |    36 ||   247
  Block: Buckler           |    33 |    64 |   102 |    27 ||   226

Table legend: (Time is in decaauts)
 A = Elapsed time spent in this place.
 B = Non-inter-level travel time spent in this place.
 C = Inter-level travel time spent in this place.
 D = Time resting spent in this place.
 E = Time spent auto-exploring this place.
 F = Levels seen in this place.
 G = Mean time per level.
                   A        B        C        D        E       F      G
               +--------+--------+--------+--------+--------+-----+--------+
         Total |   8920 |   8509 |    411 |    424 |   5568 |  12 |  743.3 |
       Dungeon |   7853 |   7455 |    398 |    329 |   5000 |  10 |  785.3 |
        Temple |     67 |     54 |     13 |      0 |      0 |   1 |   67.0 |
         Sewer |    999 |    999 |      0 |     95 |    567 |   1 |  999.0 |
               +--------+--------+--------+--------+--------+-----+--------+

Top non-repeatable levels by time:
     D:8: 1028 daAuts
   Sewer: 999 daAuts
     D:3: 995 daAuts
     D:7: 995 daAuts
     D:4: 852 daAuts
     D:9: 832 daAuts
     D:6: 806 daAuts
     D:5: 773 daAuts
     D:1: 600 daAuts
     D:2: 547 daAuts
    D:10: 421 daAuts
  Temple: 67 daAuts
